 Dungeon Crawl Stone Soup version 0.29-a0-82-g837932c90e (webtiles) character file.

Game seed: 16454749676767747349

572 lordive the Ducker (level 7, -9/36 HPs)
             Began as a Spriggan Abyssal Knight on Feb 5, 2022.
             Was a Priest of Lugonu.
             Mangled by a centaur (14 damage)
             ... on level 4 of the Dungeon.
             The game lasted 00:08:11 (5691 turns).

lordive the Ducker (Spriggan Abyssal Knight)        Turns: 5691, Time: 00:08:11

Health: -9/36      AC:  2    Str:  9    XL:     7   Next: 12%
Magic:  11/11      EV: 18    Int: 14    God:    Lugonu [***...]
Gold:   140        SH:  0    Dex: 15    Spells: 9/10 levels left

rFire   . . .      SeeInvis +   p - +1 short sword (distort)
rCold   . . .      Faith    .   (no shield)
rNeg    . . .      Spirit   .   b - +0 robe
rPois   .          Reflect  .   (helmet restricted)
rElec   .          Harm     .   z - scarf {repulsion}
rCorr   .          Rampage  .   (gloves unavailable)
Will    +....                   (boots unavailable)
Stlth   +++.......              (no amulet)
HPRegen 0.12/turn               (no ring)
MPRegen 0.12/turn               (no ring)

@: attractive, repel missiles, very quick
A: very small, no large weapons, unfitting armour, see invisible, speed 3
a: Renounce Religion, Depart the Abyss, Bend Space, Banish


You were on level 4 of the Dungeon.
You worshipped Lugonu.
Lugonu was most pleased with you.
You visited 2 branches of the dungeon, and saw 5 of its levels.
You visited the Abyss 1 time.

You collected 140 gold pieces.

Inventory:

Hand Weapons
 a - a +1 short sword
 l - a +1 dagger of flaming
 p - a +1 short sword of distortion (weapon)
 r - a +3 dagger of draining
Missiles
 o - 57 stones
 w - 6 poisoned darts
Armour
 b - a +0 robe (worn)
 z - a scarf of repulsion (worn)
 A - a +0 cloak
 D - a +0 buckler
Jewellery
 t - a ring of resist corrosion
Wands
 q - a wand of paralysis (4)
 u - a wand of mindburst (16)
 v - a wand of digging (6)
Scrolls
 c - 4 scrolls of identify {unknown}
 d - a scroll of immolation {unknown}
 e - a scroll of brand weapon {unknown}
 f - 5 scrolls of teleportation {unknown}
 g - a scroll of silence {unknown}
 m - a scroll of amnesia {unknown}
 n - 3 scrolls of fog {unknown}
 x - a scroll of noise {unknown}
 y - a scroll of vulnerability {unknown}
Potions
 j - a potion of invisibility {unknown}
 k - a potion of flight {unknown}
 s - a potion of heal wounds {unknown}
 B - a potion of mutation {unknown}
 C - a potion of cancellation {unknown}


   Skills:
 + Level 3.2 Fighting
 + Level 4.4 Short Blades
 * Level 1.0 Armour
 * Level 4.5 Dodging
 + Level 4.2 Stealth
 * Level 0.1 Shields
 * Level 2.0 Spellcasting
 * Level 1.3 Conjurations
 * Level 2.3 Translocations
 * Level 1.5 Earth Magic
 * Level 2.4 Invocations
 + Level 0.1 Evocations


You had 9 spell levels left.
You knew the following spells:

 Your Spells              Type           Power      Damage    Failure   Level
a - Sandblast             Erth           10%        2d5       13%         1

Your spell library contained the following spells:

 Spells                   Type           Power      Damage    Failure   Level
 Passwall                 Tmut/Erth      2%         N/A       26%         2
 Stone Arrow              Conj/Erth      10%        3d7       36%         3


Dungeon Overview and Level Annotations

Branches:
Dungeon (4/15)             Temple (1/1) D:4

Altars:
Cheibriados
Dithmenos
Elyvilon
Fedhas
Gozag
Hepliaklqana
Kikubaaqudgha
Makhleb
Nemelex Xobeh
Okawaru
Qazlal
Ru
Sif Muna
Trog
Uskayaw
Vehumet
Wu Jian
Xom
Yredelemnul
Zin
The Shining One

Annotations:
D:3 Natasha


Innate Abilities, Weirdness & Mutations

You are very small and have problems with some larger weapons.
You are too small for most types of armour.
You have supernaturally acute eyesight. (SInv)
You cover ground extremely quickly. (Speed+++)


Message History

The centaur is lightly wounded.
The centaur closely misses you. The centaur kicks you.
You hit the centaur but do no damage.
Space warps around the centaur.
The centaur is moderately wounded.
The centaur misses you. The centaur completely misses you.
The centaur hits you with a +0 flail! The centaur misses you.
You are too injured to fight recklessly!
You are too injured to fight recklessly!
You are too injured to fight recklessly!
You are too injured to fight recklessly!
You are too injured to fight recklessly!
You are too injured to fight recklessly!
Unknown command.
You hit the centaur.
The centaur is moderately wounded.
The centaur closely misses you. The centaur completely misses you.
You hit the centaur.
The centaur is heavily wounded.
The centaur completely misses you. x2
You hit the centaur.
Space warps around the centaur.
The centaur is severely wounded.
The centaur barely misses you.
The centaur kicks you but does no damage.
The centaur misses you. x2
You barely miss the centaur.
The centaur is severely wounded.
The centaur barely misses you. The centaur closely misses you.
You hit the centaur but do no damage.
Space warps around the centaur.
The centaur is severely wounded.
The centaur hits you with a +0 flail!
* * * LOW HITPOINT WARNING * * *
The centaur barely misses you.
Unknown command.
Okay, then.
There is a stone staircase leading up here.
It was a potion of attraction.
You feel attractive to monsters. The centaur closely misses you.
The centaur barely misses you. The centaur hits you with a +0 flail!
You die...

........##..#####
.........#..# ##.
#####......$#
######...
##......#####......#
##.....?.........##
##...............#
##.............#
#..#.........#
#..##...c@....#
#..####.......##
#..# #.....<## ..#
##....## .# ##..##
##.. #.. ##.#


You could see a centaur.

Vanquished Creatures
  An ice beast (D:4)
  An ogre (D:4)
  A phantom (D:4)
  A bullfrog (D:4)
  Ijyb (D:3)
  Natasha (D:3)
  Terence (D:3)
  4 adders
  4 gnolls (D:3)
  3 worms
  7 ball pythons
  3 bats
  9 endoplasms
  3 giant cockroaches
  5 goblins
  10 hobgoblins
  9 jackals
  4 kobolds
  4 quokkas
  8 frilled lizards
  5 rats
85 creatures vanquished.

Notes
Turn   | Place    | Note
-------+----------+-------------------------------------------
     0 | Abyss:1  | lordive the Spriggan Abyssal Knight began the quest for the
                  | Orb.
     0 | Abyss:1  | Reached XP level 1. HP: 11/11 MP: 3/3
   107 | D:1      | Escaped the Abyss
   790 | D:1      | Reached XP level 2. HP: 8/16 MP: 4/4
  1324 | D:1      | Found a faded altar of an unknown god.
  1463 | D:1      | Reached ** piety under Lugonu
  1947 | D:2      | Reached XP level 3. HP: 19/19 MP: 5/5
  2398 | D:2      | Reached skill level 1 in Stealth
  2529 | D:2      | Found a shadowy altar of Dithmenos.
  2591 | D:2      | Learned a level 1 spell: Sandblast
  2927 | D:2      | Reached XP level 4. HP: 12/23 MP: 6/6
  3298 | D:3      | Noticed Ijyb
  3310 | D:3      | Killed Ijyb
  3706 | D:3      | Noticed Terence
  3714 | D:3      | Killed Terence
  3715 | D:3      | Reached XP level 5. HP: 28/28 MP: 7/7
  3781 | D:3      | Reached *** piety under Lugonu
  3806 | D:3      | Noticed Natasha
  3814 | D:3      | Killed Natasha
  3815 | D:3      | Reached skill level 1 in Earth Magic
  4174 | D:4      | Noticed a centaur
  4253 | D:4      | Reached skill level 1 in Translocations
  4301 | D:4      | Reached skill level 1 in Spellcasting
  4301 | D:4      | Reached XP level 6. HP: 28/32 MP: 8/8
  4305 | D:4      | Reached skill level 1 in Conjurations
  4406 | D:4      | Noticed an ice beast
  4563 | D:4      | Killed an ice beast
  4809 | D:4      | Found a staircase to the Ecumenical Temple.
  4816 | Temple   | Entered the Ecumenical Temple
  5264 | D:4      | Reached skill level 1 in Armour
  5264 | D:4      | Reached XP level 7. HP: 36/36 MP: 9/11
  5669 | D:3      | Noticed Natasha
  5691 | D:4      | Mangled by a centaur

Illustrated notes

Levels and vault maps discovered:
D:1:      dpeg_arrival_refuge, layout_basic, hellmonk_ecumenical_altar_lost_god,
          dk_noncrumbling_2, minmay_lizard_pond
D:2:      layout_basic, basic_altar
D:3:      layout_loops_corners, minmay_misc_feat_five, uniq_natasha, uniq_ijyb,
          uniq_terence
D:4:      layout_cave_pods, minmay_temple_entry_statues_pillars
Temple:   regret_index_temple_sigil_plot

Skill      XL: |  1  2  3  4  5  6 |
---------------+-------------------+-----
Short Blades   | 3 4 |  4.4
Stealth        | 1 2 3 4 |  4.2
Fighting       | 3 |  3.2
Dodging        | 4 |  4.5
Earth Magic    | 1 |  1.5
Translocations | 1 2 |  2.3
Spellcasting   | 1 2 |  2.0
Invocations    | 2 |  2.4
Conjurations   | 1 |  1.3
Armour         | 1 |  1.0
Shields        | |  0.1
Evocations     | |  0.1

Action                   |  1- 3 |  4- 6 |  7- 9 || total
-------------------------+-------+-------+-------++-------
Melee: Short sword       |   105 |    95 |    27 ||   227
       Punch             |     1 |     2 |       ||     3
       Dagger            |    50 |     8 |       ||    58
 Cast: Sandblast         |       |     7 |       ||     7
Evoke: Wand              |       |     1 |       ||     1
  Use: Potion            |       |       |     2 ||     2
 Stab: Sleeping          |     7 |     6 |       ||    13
       Distracted        |       |     1 |       ||     1
Armor: Robe              |    10 |     3 |     3 ||    16
Dodge: Dodged            |   109 |    55 |    46 ||   210

Table legend: (Time is in decaauts)
 A = Elapsed time spent in this place.
 B = Non-inter-level travel time spent in this place.
 C = Inter-level travel time spent in this place.
 D = Time resting spent in this place.
 E = Time spent auto-exploring this place.
 F = Levels seen in this place.
 G = Mean time per level.
                   A        B        C        D        E       F      G
               +--------+--------+--------+--------+--------+-----+--------+
         Total |   4500 |   4384 |    116 |    988 |   2714 |   6 |  750.0 |
       Dungeon |   4275 |   4165 |    110 |    988 |   2513 |   4 | 1068.8 |
        Temple |    160 |    154 |      6 |      0 |    143 |   1 |  160.0 |
         Abyss |     64 |     64 |      0 |      0 |     57 |   1 |   64.0 |
               +--------+--------+--------+--------+--------+-----+--------+

Top non-repeatable levels by time:
     D:1: 1499 daAuts
     D:3: 1182 daAuts
     D:2: 1088 daAuts
     D:4: 506 daAuts
  Temple: 160 daAuts
 Abyss:1: 64 daAuts
